 Dungeon Crawl Stone Soup version 0.28.0-53-g5a82cb258f (webtiles) character file.

Game seed: 940937698006430128

67 Revguard the Ducker (level 3, 0/27 HPs)
             Began as a Demonspawn Gladiator on June 14, 2022.
             Slain by an adder (4 damage)
             ... on level 2 of the Dungeon.
             The game lasted 00:03:47 (1937 turns).

Revguard the Ducker (Demonspawn Gladiator)          Turns: 1937, Time: 00:03:48

Health: 0/27       AC:  3    Str: 14    XL:     3   Next: 98%
Magic:  4/4        EV: 13    Int:  9    God:
Gold:   88         SH:  0    Dex: 16    Spells: 2/2 levels left

rFire   . . .      SeeInvis .   i - +0 dagger
rCold   . . .      Faith    .   (no shield)
rNeg    . . .      Spirit   .   b - +0 leather armour
rPois   .          Reflect  .   (helmet restricted)
rElec   .          Harm     .   (no cloak)
rCorr   .          Rampage  .   (no gloves)
Will    .....                   (no boots)
Stlth   ++........              (no amulet)
HPRegen 0.09/turn               (no ring)
MPRegen 0.09/turn               (no ring)

@: lethally poisoned (0 -> -3)
A: antennae 1, powered by death 1
a: no special abilities


You were on level 2 of the Dungeon.
You visited 1 branch of the dungeon, and saw 2 of its levels.

You collected 88 gold pieces.

Inventory:

Hand Weapons
 a - a +0 quarterstaff
 i - a +0 dagger (weapon)
Armour
 b - a +0 leather armour (worn)
 c - a +0 helmet
Jewellery
 j - a ring of poison resistance
Scrolls
 e - a scroll of magic mapping {unknown}
 h - 2 scrolls of vulnerability {unknown}
Potions
 f - a potion of curing {unknown}
 g - 2 potions of degeneration {unknown}


   Skills:
 + Level 2.2 Fighting
 + Level 0.1 Short Blades
 - Level 2.8 Staves
 + Level 2.1 Throwing
 + Level 0.8 Armour
 * Level 3.3 Dodging
 * Level 0.9 Stealth
 + Level 1.4 Invocations


You had 2 spell levels left.
You didn't know any spells.
Your spell library was empty.

Dungeon Overview and Level Annotations

Branches:
Dungeon (2/15)

Altars:


Innate Abilities, Weirdness & Mutations

You have a pair of small antennae on your head.
You regenerate a little health from kills.


Message History

The endoplasm closely misses you.
You hit the adder. You punch the adder.
The adder is heavily wounded.
The adder bites you but does no damage. The endoplasm misses you.
The adder bites you.
You hit the adder.
The adder is heavily wounded.
The endoplasm freezes you.
You are frozen.
The adder closely misses you.
You hit the adder.
The adder is severely wounded.
The adder bites you.
You are poisoned.
The adder poisons you! The endoplasm freezes you.
You are frozen.
You feel sick. The adder bites you.
You are more poisoned.
The adder poisons you!
You miss the adder.
The adder is severely wounded.
You feel sick. The adder barely misses you.
You hit the adder but do no damage.
The adder is severely wounded.
You feel sick. The adder closely misses you.
You hit the adder but do no damage.
The adder is severely wounded.
You feel sick. The adder closely misses you. The adder bites you.
* * * LOW HITPOINT WARNING * * *
Throw: throwing net
Press: ? - help, Q - select action Shift-Dir - straight line, f - adder
Aim: an adder (severely wounded, 44% to hit)
You throw a throwing net.
The throwing net closely misses the adder.
The throwing net hits the endoplasm.
The endoplasm is caught in the net!
* * * LOW HITPOINT WARNING * * *
You feel sick.
The endoplasm struggles against the net.
The adder bites you.
You die...

### ### #.†.# ##†## . #)#
...
#######)############.....
...............÷.........
#######.#.####.##.##.[...
#.#.####.##.# ...
#.#.##......# .
#.#.##@#.#### #.#.##S#.#
#.#...J.......
#.####.####### #.# #..
###


You could see an adder and an endoplasm (caught).

Vanquished Creatures
  2 gnolls (D:2)
  A worm (D:2)
  2 dart slugs (D:1)
  5 bats
  5 endoplasms
  2 giant cockroaches
  3 goblins
  2 hobgoblins
  3 jackals (D:1)
  2 quokkas
  4 ball pythons
  3 frilled lizards
  3 kobolds (D:1)
  2 rats
39 creatures vanquished.

Notes
Turn   | Place    | Note
-------+----------+-------------------------------------------
     0 | D:1      | Revguard the Demonspawn Gladiator began the quest for the
                  | Orb.
     0 | D:1      | Reached XP level 1. HP: 16/16 MP: 1/1
   245 | D:1      | Gained mutation: You regenerate a little health from kills.
                  | [demonic ancestry]
   245 | D:1      | Reached XP level 2. HP: 22/22 MP: 2/2
   572 | D:1      | Reached skill level 3 in Dodging
   799 | D:1      | Found a faded altar of an unknown god.
   806 | D:1      | Reached skill level 1 in Invocations
   974 | D:1      | Discovered your monstrous ancestry.
   974 | D:1      | Gained mutation: You have a pair of small antennae on your
                  | head. [demonic ancestry]
   974 | D:1      | Reached XP level 3. HP: 27/27 MP: 3/3
  1937 | D:2      | Slain by an adder

Illustrated notes

Levels and vault maps discovered:
D:1:      beargit_arrival_diablo_church, layout_loops_corners,
          hellmonk_ecumenical_altar_dog_temple, minivault_27
D:2:      layout_loops_cross, corexii_hall_statues_deadend

Skill      XL: |  1  2  3 |
---------------+----------+-----
Dodging        | 3 |  3.3
Invocations    | 1 |  1.4
Throwing       | 2 |  2.1
Fighting       | |  2.2
Short Blades   | |  0.1
Staves         | |  2.8
Armour         | |  0.8
Stealth        | |  0.9

Action                   || total
-------------------------++-------
Melee: Quarterstaff      ||    46
       Dagger            ||   111
       Punch             ||     4
Throw: Throwing net      ||     5
 Stab: Sleeping          ||     5
       Held in net/web   ||     4
Armor: Leather armour    ||    50
Dodge: Dodged            ||   107
